 Dungeon Crawl Stone Soup version 0.27.1-34-g3ba077fa99 (webtiles) character file.

Game seed: 13654376535743827652

57 Akaron the Stinger (level 4, -2/27 HPs)
             Began as an Octopode Venom Mage on Jan 23, 2022.
             Slain by a gnoll (9 damage)
             ... on level 2 of the Dungeon.
             The game lasted 00:06:39 (1243 turns).

Akaron the Stinger (Octopode Venom Mage)            Turns: 1243, Time: 00:06:40

Health: -2/27      AC:  1    Str:  7    XL:     4   Next: 0%
Magic:  1/7        EV: 14    Int: 18    God:
Gold:   81         SH:  0    Dex: 18    Spells: 4/7 levels left

rFire    . . .     SeeInvis .   b - +0 dagger (venom)
rCold    . . .     Faith    .   (no shield)
rNeg     . . .     Spirit   .   (helmet restricted)
rPois    .         Reflect  .   (no amulet)
rElec    .         Harm     .   g - +6 ring of dexterity
rCorr    .         Rampage  .   (no ring)
Will     .....                  (no ring)
Stlth    +++.......             (no ring)
HPRegen  0.09/turn              (no ring)
MPRegen  0.10/turn              (no ring)
                                (no ring)
                                (no ring)

@: no status effects
A: almost no armour, amphibious, 8 rings, camouflage 1, gelatinous body 1,
(nimble swimmer 1), tentacles
a: no special abilities


You were on level 2 of the Dungeon.
You visited 1 branch of the dungeon, and saw 2 of its levels.

You collected 81 gold pieces.

Inventory:

Hand Weapons
 b - a +0 dagger of venom (weapon)
Jewellery
 g - a +6 ring of dexterity (left tentacle)
Scrolls
 a - a scroll of fear {unknown}
 d - a scroll of identify {unknown}
Potions
 c - a potion of heal wounds {unknown}
 e - a potion of berserk rage {unknown}
 f - 2 potions of attraction {unknown}


   Skills:
 + Level 2.3 Dodging
 + Level 3.0 Stealth
 + Level 2.4 Spellcasting
 + Level 1.9 Transmutations
 + Level 4.5 Poison Magic


You had 4 spell levels left.
You knew the following spells:

 Your Spells              Type           Power      Damage    Failure   Level
a - Sting                 Tmut/Pois      52%        1d5       4%          1
b - Poisonous Vapours     Pois/Air       20%        N/A       11%         2

Your spell library contained the following spells:

 Spells                   Type           Power      Damage    Failure   Level
 Olgreb's Toxic Radiance  Pois           18%        N/A       26%         4
 Mephitic Cloud           Conj/Pois/Air  7%         N/A       28%         3


Dungeon Overview and Level Annotations

Branches:
Dungeon (2/15)

Altars:

Shops:
D:1 [


Innate Abilities, Weirdness & Mutations

You cannot wear most types of armour.
You are amphibious.
You can wear up to eight rings at the same time.
Your skin changes colour to match your surroundings (Stealth+).
Your rubbery body absorbs attacks. (AC +1, EV +1)
((You are camouflaged near water. (Stealth+)))
You have tentacles for arms and can constrict up to eight enemies at once.


Message History

The gnoll hits you from afar with a +0 spear!
The rat closely misses you.
You have reached level 4!
The gnoll barely misses you.
Aiming: Sting (safe; 4% risk of failure)
Press: ? - help, Q - select action, (/) - cycle Shift-Dir - straight line, f - rat
Aim: a rat (71% to hit)
The sting misses the rat.
The sting hits the gnoll.
The gnoll is poisoned.
The gnoll is moderately wounded.
The rat closely misses you. The gnoll misses you.
The rat twitches its whiskers.
Aiming: Sting (safe; 4% risk of failure)
Press: ? - help, Q - select action, (/) - cycle Shift-Dir - straight line, f - gnoll, p - rat
Aim: a gnoll, wielding a +0 spear (75% to hit)
The sting misses the gnoll.
The rat bites you.
The gnoll hits you from afar with a +0 spear.
The gnoll barely misses you.
The gnoll looks more healthy.
Aiming: Sting (safe; 4% risk of failure)
Press: ? - help, Q - select action, (/) - cycle Shift-Dir - straight line, f/p - gnoll
Aim: a gnoll, wielding a +0 spear (75% to hit)
The sting misses the gnoll.
The sting hits the gnoll.
The gnoll is poisoned.
The gnoll is lightly wounded.
The rat bites you.
The gnoll hits you from afar with a +0 spear!
* * * LOW HITPOINT WARNING * * *
The rat closely misses you. The gnoll misses you.
A bat comes into view.
The gnoll looks more healthy.
The bat barely misses you.
You barely miss the bat. You grab the bat. Your squeeze misses the bat.
You constrict the bat. The bat hits you but does no damage. x2
The rat bites you.
* * * LOW HITPOINT WARNING * * *
You don't have enough magic to cast this spell.
Unknown command.
You barely miss the rat. Your grab misses the rat. You constrict the bat.
The bat hits you but does no damage.
The bat escapes!
The gnoll hits you from afar with a +0 spear!
You die...

## ....# #. #...#
##.#####...#
#......#...#
..#..###...########
##................#
....#####..######b#
<.### #..# ####.#
..# ####..###gr@.#
.## #..†.....g####
.#####..........#
...............##
.#####.........#
.........†.....#
.######.#)#.####
........#)#.########
.#####....†........#


You could see 2 gnolls, a bat and a rat.

Vanquished Creatures
  2 gnolls (D:2)
  4 endoplasms (D:1)
  2 giant cockroaches (D:1)
  5 goblins
  4 hobgoblins
  3 jackals (D:1)
  A quokka (D:1)
  7 ball pythons
  2 bats (D:1)
  2 frilled lizards
  A kobold (D:2)
  4 rats (D:1)
37 creatures vanquished.

Notes
Turn   | Place    | Note
-------+----------+-------------------------------------------
     0 | D:1      | Akaron the Octopode Venom Mage began the quest for the Orb.
     0 | D:1      | Reached XP level 1. HP: 11/11 MP: 3/3
    25 | D:1      | Found Qacifaczu's Armour Shoppe.
   247 | D:1      | Reached XP level 2. HP: 17/17 MP: 0/5
   298 | D:1      | Reached skill level 4 in Poison Magic
   455 | D:1      | Learned a level 2 spell: Poisonous Vapours
   483 | D:1      | Found a faded altar of an unknown god.
   658 | D:1      | Reached XP level 3. HP: 21/21 MP: 4/6
  1220 | D:2      | Reached XP level 4. HP: 17/27 MP: 1/7
  1243 | D:2      | Slain by a gnoll

Illustrated notes

Levels and vault maps discovered:
D:1:      heliophobic_arrival_enchanted_forest, layout_rooms,
          shapermc_ecumenical_altar_venn, serial_shops, shop,
          corexii_item_surrounded_by_moat
D:2:      layout_rooms, serial_shops, nicolae_lakefront_shop

Skill      XL: |  1  2  3 |
---------------+----------+-----
Poison Magic   | 4 |  4.5
Stealth        | 3 |  3.0
Dodging        | |  2.3
Spellcasting   | |  2.4
Transmutations | |  1.9

Action                   |  1- 3 |  4- 6 || total
-------------------------+-------+-------++-------
Melee: Unarmed           |     4 |       ||     4
       Constrict         |     5 |     1 ||     6
       Tentacles         |     3 |       ||     3
       Dagger            |    13 |     2 ||    15
 Cast: Sting             |    58 |     3 ||    61
       Poisonous Vapours |     1 |       ||     1
Armor: Skin              |     5 |     3 ||     8
Dodge: Dodged            |    33 |     7 ||    40
